 Dungeon Crawl Stone Soup version 0.30-a0-283-gf371ce1921 (webtiles) character file.

Game seed: 8311493130522740519

4 MrRokkomies the Sneak (level 1, 0/19 HPs)
             Began as an Armataur Delver on Oct 17, 2022.
             Was an Initiate of Cheibriados.
             Slain by an orc
             ... wielding a +0 trident
              (1 damage)
             ... on level 3 of the Dungeon.
             The game lasted 00:01:37 (186 turns).

MrRokkomies the Sneak (Armataur Delver)              Turns: 186, Time: 00:01:37

Health: 0/19       AC:  6    Str: 18    XL:     1   Next: 58%
Magic:  1/1        EV:  7    Int: 11    God:    Cheibriados [......]
Gold:   20         SH:  0    Dex: 12    Spells: 0/0 levels left

rFire   . . .      SeeInvis .    i - +0 great sword
rCold   . . .      Faith    .    (shield currently unavailable)
rNeg    . . .      Spirit   .    n - +0 scale mail
rPois   .          Reflect  .    (no helmet)
rElec   .          Harm     .    (no cloak)
rCorr   .          Roll     +    (no gloves)
Will    .....                    (no barding)
Stlth   ++........               (no amulet)
HPRegen 0.23/turn                (no ring)
MPRegen 0.07/turn                (no ring)

@: very slow
A: large, rugged brown scales 3, deformed body, armoured tail, roll, long
tongue, awkward tongue
a: Renounce Religion


You were on level 3 of the Dungeon.
You worshipped Cheibriados.
Cheibriados was noncommittal.
You visited 1 branch of the dungeon, and saw 3 of its levels.

You collected 20 gold pieces.

Inventory:

Hand Weapons
 a - a +0 mace
 i - a +0 great sword (weapon)
Missiles
 m - 4 boomerangs (quivered)
 o - a throwing net
Armour
 b - a +0 leather armour
 n - a +0 scale mail (worn)
Wands
 g - a wand of digging (3)
Scrolls
 c - a scroll of fog
 d - a scroll of magic mapping
 e - a scroll of fear
 h - a scroll of teleportation {unknown}
 k - a scroll of noise {unknown}
 l - a scroll of brand weapon {unknown}
Potions
 f - a potion of haste
 j - 2 potions of curing {unknown}


   Skills:
 * Level 2.8 Fighting
 - Level 0.2 Long Blades
 - Level 1.7 Maces & Flails
 * Level 0.5 Armour
 + Level 1.4 Dodging
 - Level 5.4 Stealth


You couldn't memorise any spells.
You didn't know any spells.
Your spell library was empty.

Dungeon Overview and Level Annotations

Branches:
Dungeon (5/15)
 Temple: D:4-7

Altars:
Cheibriados
Vehumet

Shops:
D:3 (


Innate Abilities, Weirdness & Mutations

You are completely covered in rugged brown scales. (AC +3, +7% HP)
Armour fits poorly on your strangely shaped body.
You have a long armoured tail.
You roll when moving toward enemies. (Rampage)
Your long tongue fully drains potion bottles. (2x potion effects)
Your tongue gives you trouble enunciating. (1.5x scroll delay)


Message History

You roll towards the rat!
A hobgoblin comes into view.
The helpless rat fails to defend itself.
You slash the rat!
You kill the rat!
Cheibriados appreciates the change of pace.
You roll towards the hobgoblin!
The hobgoblin shouts!
An orc comes into view. It is wielding a +0 trident.
You roll towards the hobgoblin!
You barely miss the hobgoblin.
The orc shouts!
The hobgoblin hits you but does no damage.
You barely miss the hobgoblin. The hobgoblin closely misses you.
The hobgoblin hits you.
You hit the hobgoblin.
The hobgoblin is moderately wounded.
The hobgoblin hits you but does no damage.
The orc barely misses you. x2; The hobgoblin hits you.
You closely miss the hobgoblin.
You tail-slap the hobgoblin, but do no damage.
The hobgoblin is moderately wounded.
The hobgoblin barely misses you. The orc hits you but does no damage.
Okay, then.
Unknown command.
You slash the hobgoblin!
You kill the hobgoblin!
Cheibriados appreciates the change of pace.
The orc closely misses you.
The orc hits you from afar with a +0 trident.
You roll towards the orc!
You closely miss the orc. The orc hits you with a +0 trident.
The orc hits you but does no damage.
You closely miss the orc. The orc hits you with a +0 trident.
You barely miss the orc. The orc hits you with a +0 trident.
* * * LOW HITPOINT WARNING * * *
The orc barely misses you.
You barely miss the orc. The orc hits you with a +0 trident.
* * * LOW HITPOINT WARNING * * *
The orc barely misses you.
You closely miss the orc. The orc hits you with a +0 trident.
You die...

#######
..<...########
#........# #
#..#####.#
#####.######..#
#>##
#.....o@......#
#..##
#.###.##.###..#
#...## # #.#
#..#####..... ...
.............
...#######.#####.#
.##.# # # #.# #.
#.# #.# # #.# #.#
#.#


You could see an orc.

Vanquished Creatures
  An endoplasm (D:4)
  A hobgoblin (D:3)
  A kobold (D:4)
  A rat (D:3)
4 creatures vanquished.

Notes
Turn   | Place    | Note
-------+----------+-------------------------------------------
     0 | D:5      | MrRokkomies the Armataur Delver began the quest for the
                  | Orb.
     0 | D:5      | Reached XP level 1. HP: 19/19 MP: 1/1
     9 | D:5      | Noticed a wight
    11 | D:5      | Noticed a wight
    38 | D:4      | Found a snail-covered altar of Cheibriados.
    38 | D:4      | Found a radiant altar of Vehumet.
    46 | D:4      | Became a worshipper of Cheibriados the Contemplative
   141 | D:3      | Found Heoch's Antique Weapon Boutique.
   186 | D:3      | Slain by an orc

Illustrated notes

Levels and vault maps discovered:
D:3:      layout_loops_corners, overflow_temple_1_default, serial_shops,
          nicolae_shop_stone
D:4:      minmay_angry_zag, layout_loops_ring,
          mainiacjoe_overflow_cross_hatched, amethyst_overflow_temple_binary,
          uniq_edmund
D:5:      layout_gridville, mainiacjoe_overflow_small_starburst, serial_shops,
          shop_statue

Action                   || total
-------------------------++-------
Melee: Great sword       ||    14
       Tailslap          ||     2
 Stab: Sleeping          ||     1
Armor: Scale mail        ||     4
Dodge: Dodged            ||    10

Table legend: (Time is in decaauts)
 A = Elapsed time spent in this place.
 B = Non-inter-level travel time spent in this place.
 C = Inter-level travel time spent in this place.
 D = Time resting spent in this place.
 E = Time spent auto-exploring this place.
 F = Levels seen in this place.
 G = Mean time per level.
                   A        B        C        D        E       F      G
               +--------+--------+--------+--------+--------+-----+--------+
         Total |    221 |    221 |      0 |      0 |     94 |   3 |   73.7 |
       Dungeon |    221 |    221 |      0 |      0 |     94 |   3 |   73.7 |
               +--------+--------+--------+--------+--------+-----+--------+

Top non-repeatable levels by time:
     D:4: 147 daAuts
     D:3: 61 daAuts
     D:5: 13 daAuts
